Unix NetHack Version 5.0.0-0 post-release - last build Jun 10 2026 00:39:30 (3ee93aec679c4c4259841fe613dc97188e26a321,branch:main).

Game began 2026-06-23 00:49:16, ended 2026-06-23 01:06:16.

DaveT, lawful male human Priest

 ------             --------                                   --------------
 |....|             |.......#####                              |............|
 |....|             |......|@####                              .............|
 |....+     #       |..>....#                                  |.....<......|
 |....|     ########|......|#*                                 |............|
 |^....#######     #--------# #                                --------------
 |....|#     ################
 ------##
        #
        #
        #
        ##     ------
         ##    |.....######
          #    |....|     (                   *
          ##   |....-######################**#
           ####-....|
               ------

DaveT the Adept              St:13 Dx:12 Co:14 In:12 Wi:18 Ch:9  Lawful
Dlvl:6 $:131 HP:0(57) Pw:103(103) AC:-5 Xp:7 Fainted Burdened Blind Deaf T:4193

Latest messages:
 You kill it!
 It just misses!
 You kill it!
 You can see again.
 You see here a scroll labeled PRATYAVAYAH.
 The raven misses!
 The raven misses!
 The raven bites!
 The raven misses!
 You have a little trouble lifting u - a scroll labeled PRATYAVAYAH.
 The raven misses!
 The raven misses!
 The raven misses!
 The raven misses!
 You miss the raven.
 The raven bites!
 The raven misses!
 The raven bites!
 The raven misses!
 The raven just misses!
 The raven blinds you!
 You can see again.
 You hit the raven.
 The raven misses!
 The raven misses!
 You miss the raven.
 The raven misses!
 The raven blinds you!
 Wait!  There's something there you can't see!
 It bites!
 It misses!
 It misses!
 It just misses!
 It bites!
 It misses!
 It misses!
 You faint from lack of food.
 It bites!
 It just misses!
 It bites!
 It bites!
 It misses!
 It bites!
 It misses!
 It bites!
 Something was hidden under a kitten corpse!
 It bites!
 You die...
 Do you want your possessions identified? [ynq] (y) y
 Do you want to see your attributes? [ynq] (y) q

Inventory:
 Coins    ('$')
  $ - 131 gold pieces
 Weapons  (')')
  j - a cursed +0 orcish dagger
  a - a blessed +1 mace (weapon in right hand)
 Armor    ('[')
  k - a blessed +4 orcish helm (being worn)
  w - a +0 pair of iron shoes (being worn)
  v - a +0 pair of low boots
  c - a blessed +0 small shield (being worn)
  b - a +0 robe (being worn)
  m - a blessed +0 chain mail (being worn)
 Scrolls  ('?')
  f - a scroll of blank paper
  z - a scroll of destroy armor
  u - a scroll of light
  F - 2 scrolls of teleportation
 Spellbooks  ('+')
  B - a spellbook of chain lightning
  o - a spellbook of confuse monster
  h - a spellbook of detect unseen
  g - a spellbook of protection
 Potions  ('!')
  K - a potion of extra healing
  O - a cursed potion of extra healing
  p - a cursed potion of healing
  s - a potion of oil
  x - a potion of oil (lit)
  Z - a cursed potion of see invisible
  d - 4 potions of holy water
 Wands    ('/')
  C - a wand of nothing (0:10)
  V - a wand of slow monster (0:6)
  M - a wand of speed monster (0:1)
 Tools    ('(')
  Y - a bag of tricks (0:7)
  l - a tooled horn
  n - a wooden harp
  i - an oil lamp (lit)
  t - a skeleton key
  W - a skeleton key
  R - a stethoscope
  E - a partly used wax candle (lit)
 Gems/Stones  ('*')
  q - 2 obsidian stones
  r - a worthless piece of yellow glass

DaveT the Priest's attributes:

Background:
 You were an Adept, a level 7 human Priest.
 You were lawful, on a mission for Mitra
 who was opposed by Crom (neutral) and Set (chaotic).
 You were right-handed.
 You were in the Dungeons of Doom, on level 6.
 You entered the dungeon 4193 turns ago.
 It was nighttime.
 You had 988 experience points, 292 more were needed to attain level 8.

Basics:
 You had 0 out of 57 hit points.
 You had all 103 energy points (spell power).
 Your armor class was -5.
 Your wallet contained 131 zorkmids.
 Autopickup was off.

Final Characteristics:
 Your strength was 13 (base:14, limit:18/100).
 Your dexterity was 12 (limit:18).
 Your constitution was 14 (limit:18).
 Your intelligence was 12 (limit:18).
 Your wisdom was 18 (limit:18).
 Your charisma was 9 (limit:18).

Final Status:
 You were temporarily blind.
 You were deaf.
 You were fainted due to starvation.
 You were burdened; movement was slightly slowed.
 You were wielding a mace.
 You were skilled in mace.

Final Attributes:
 You were piously aligned.
 You were fire resistant.
 You aggravated monsters.
 You were guarded.
 Your spell casting was impaired by metallic armor, mitigated by your robe.
 You were unlucky.
 You are dead.

Miscellaneous:
 You encountered 1 bones level.
 Total elapsed playing time was 16 minutes and 59 seconds.

Major events:
 Turn
    1: DaveT the lawful human Priest entered the dungeon
 1304: entered the Gnomish Mines
 1521: attained the rank of Acolyte (level 3)
 2882: attained the rank of Adept (level 6)
 4193: killed by a snake, while fainted from lack of food

Spells:
 Name                 Level Category     Fail Retention
 protection             1   clerical      85%   71%-80%
 detect unseen          3   divination   100%  76%-100%
 confuse monster        1   enchantment   85%  76%-100%

Skills:
 Fighting Skills
   bare handed combat [Unskilled]
 Weapon Skills
   club               [Unskilled]
   mace               [Skilled]
   morning star       [Unskilled]
   flail              [Unskilled]
   hammer             [Unskilled]
   quarterstaff       [Unskilled]
   polearms           [Unskilled]
   spear              [Unskilled]
   trident            [Unskilled]
   lance              [Unskilled]
   bow                [Unskilled]
   sling              [Unskilled]
   crossbow           [Unskilled]
   dart               [Unskilled]
   shuriken           [Unskilled]
   boomerang          [Unskilled]
   unicorn horn       [Unskilled]
 Spellcasting Skills
   healing spells     [Unskilled]
   divination spells  [Unskilled]
   clerical spells    [Basic]

Voluntary challenges:
 Character rerolling was not enabled.
 You never genocided any monsters.
 You never polymorphed an object.
 You used no wishes.
Achievements:
 You entered the Gnomish Mines.
 You attained the rank of Acolyte.
 You attained the rank of Adept.

 The Dungeons of Doom: levels 1 to 7
    Level 1:
       A fountain.
    Level 2:
       Many trees.
    Level 3:
       Some fountains.
       Stairs down to The Gnomish Mines.
    Level 4:
    Level 5:
    Level 6: <- You were here.
       Final resting place for
          you, killed by a snake, while fainted from lack of food,
          coffeewyld-Mon-Hum-Mal-Neu, killed by a snake.
    Level 7:
       A fountain.
 The Gnomish Mines:
    Level 4:


Vanquished creatures:
  2 ghosts
  a leather golem
  a lizard
  a dog
  a snake
  3 fire ants
  2 rock moles
  a pony
  a shrieker
  2 gnome leaders
  a red naga hatchling
  2 gray oozes
  a kitten
  a kobold shaman
  a hill orc
  2 rothes
  2 rabid rats
  a monkey
  a wererat
  2 iguanas
  a coyote
  6 manes
  2 cave spiders
  3 gnomes
  2 garter snakes
  3 geckos
  9 jackals
  a fox
  2 kobolds
  a goblin
  8 sewer rats
  4 grid bugs
  2 lichens
  5 newts
78 creatures vanquished.

No species were genocided or became extinct.

Game over:
                       ----------
                      /          \
                     /    REST    \
                    /      IN      \
                   /     PEACE      \
                  /                  \
                  |      DaveT       |
                  |      131 Au      |
                  |   killed by a    |
                  |      snake       |
                  |                  |
                  |                  |
                  |       2026       |
                 *|     *  *  *      | *
        _________)/\\_//(\/(/\)/\//\/|_)_______

Goodbye DaveT the Priest...

You died in The Dungeons of Doom on dungeon level 6 with 3530 points,
and 131 pieces of gold, after 4193 moves.
You were level 7 with a maximum of 57 hit points when you died.

